 Dungeon Crawl Stone Soup version 0.20-a0-1122-gb7cbeb9 (webtiles) character file.

92 ChaseSP the Chiller (level 4, -6/30 HPs)
             Began as a Merfolk Ice Elementalist on May 13, 2017.
             Was an Initiate of Vehumet.
             Mangled by Grinder (12 damage)
             ... on level 3 of the Dungeon.
             The game lasted 00:04:33 (2583 turns).

ChaseSP the Chiller (Merfolk Ice Elementalist)      Turns: 2583, Time: 00:04:34

Health: -6/30      AC:  4    Str:  8    XL:     4   Next: 60%
Magic:  7/7        EV: 13    Int: 15    God:    Vehumet [......]
Gold:   180        SH:  0    Dex: 14    Spells: 3/7 levels left

rFire    . . .     SeeInvis .   g - +0 short sword
rCold    . . .     Gourm    .   (no shield)
rNeg     . . .     Faith    .   a - +0 robe
rPois    .         Spirit   .   (no helmet)
rElec    .         Reflect  .   (no cloak)
rCorr    .         Harm     +   n - +0 pair of gloves
MR       .....                  x - +0 pair of boots
Stlth    +.........             s - amulet of harm
Regen    0.1/turn               (no ring)
MPRegen  0.1/turn               (no ring)

@: confused
A: change form in water, swift swim, stealthy swim
a: Renounce Religion


You were on level 3 of the Dungeon.
You worshipped Vehumet.
Vehumet was noncommittal.
You were not hungry.

You visited 1 branch of the dungeon, and saw 3 of its levels.

You collected 180 gold pieces.

Inventory:

Hand Weapons
 g - a +0 short sword (weapon)
Armour
 a - a +0 robe (worn)
 n - a +0 pair of gloves (worn)
 x - a +0 pair of boots (worn)
Jewellery
 s - an amulet of harm (around neck)
 v - an uncursed ring of fire {unknown}
Scrolls
 d - 2 scrolls of enchant weapon {unknown}
 h - 3 scrolls of teleportation
 i - 3 scrolls of amnesia {unknown}
 j - a scroll of blinking {unknown}
 m - a scroll of identify {unknown}
 t - 2 scrolls of immolation {unknown}
 u - a scroll of remove curse {unknown}
Potions
 e - a potion of berserk rage {unknown}
 k - a potion of lignification {unknown}
 l - a potion of magic {unknown}
 o - 2 potions of curing {unknown}
 p - 2 potions of flight {unknown}
 q - 2 potions of might {unknown}
 w - a potion of resistance {unknown}
Books
 b - a book of Frost

   Spells                             Type                      Level
   a - Freeze                         Ice                          1
   b - Throw Frost                    Conjuration/Ice              2
   c - Ozocubu's Armour               Charms/Ice                   3
   d - Throw Icicle                   Conjuration/Ice              4
   e - Summon Ice Beast               Ice/Summoning                4
Comestibles
 c - 2 bread rations
 f - 2 chunks of flesh


   Skills:
 + Level 3.3 Dodging
 - Level 2.1 Stealth
 - Level 2.0 Spellcasting
   Level 0.7 Conjurations
 + Level 1.3 Charms
 * Level 5.2 Ice Magic


You had 3 spell levels left.
You knew the following spells:

 Your Spells              Type           Power        Failure   Level  Hunger
a - Freeze                Ice            ###.         2%          1    #......
b - Ozocubu's Armour      Chrm/Ice       ##......     17%         3    ###....


Dungeon Overview and Level Annotations

Branches:
Dungeon (3/15)

Altars:
Nemelex Xobeh
Vehumet

Annotations:
D:3 Grinder


Message History

Grinder shouts!
You hit Grinder but do no damage. Grinder gestures at you.
Pain shoots through your body! Grinder hits you!
* * * LOW HITPOINT WARNING * * *
You writhe in agony.
* * * LOW HITPOINT WARNING * * *
Some of the chunks of flesh in your inventory have rotted away.
Casting: Freeze
Confirm with . or Enter, or press ? or * to list all spells.
Aiming: Freeze
Press: ? - help, Shift-Dir - straight line, f - Grinder
Aim: Grinder You freeze Grinder.
Grinder completely resists.
Grinder drinks a potion.
Grinder flickers and vanishes!
Deactivating autopickup; reactivate with Ctrl-A.
It was a potion of ambrosia.
You are confused.
You feel invigorated. Something hits you!
You die...

########.## ...
...>.....[. ..#
########.## ..#
#.# #.#
##########.# #.#
#.......##.# #.#
#.....>.##.## #{#
#..........#.
#@####.......####.
#....'.......'....
######.......####.
#.........##.
#.........##.
#.........#..
#............
#.........#..
#.........#..


There were no monsters in sight!

Vanquished Creatures
  A hound zombie (D:3)
  2 adders (D:2)
  3 dart slugs
  4 leopard geckos
  An orc (D:3)
  4 bats
  3 giant cockroaches
  5 goblins
  3 hobgoblins
  7 kobolds
  A quokka (D:3)
  A ball python (D:1)
  7 frilled lizards
  9 rats
51 creatures vanquished.

Notes
Turn   | Place    | Note
-------+----------+-------------------------------------------
     0 | D:1      | ChaseSP the Merfolk Ice Elementalist began the quest for the Orb.
     0 | D:1      | Reached XP level 1. HP: 13/13 MP: 3/3
   116 | D:1      | Found a sparkling altar of Nemelex Xobeh.
   137 | D:1      | Reached XP level 2. HP: 8/19 MP: 5/5
   139 | D:1      | Reached skill level 4 in Ice Magic
   710 | D:1      | Reached XP level 3. HP: 19/24 MP: 3/6
   717 | D:1      | Learned a level 3 spell: Ozocubu's Armour
  1157 | D:2      | Found a radiant altar of Vehumet.
  1181 | D:2      | Became a worshipper of Vehumet
  1239 | D:2      | Reached skill level 1 in Charms
  1367 | D:2      | Reached XP level 4. HP: 28/30 MP: 7/7
  1431 | D:2      | Reached skill level 5 in Ice Magic
  1870 | D:3      | Found a faded altar of an unknown god.
  2579 | D:3      | Noticed Grinder
  2583 | D:3      | Mangled by Grinder

Vault maps used:
D:1:      saegor_arrival_simple_a, nemelex_xobeh_ov_fountains_minmay
D:2:      vehumet_crystals, first_bread
D:3:      minmay_diamond_boxcup, chequers_ecumenical_altar_lobes, uniq_grinder

Skill      XL: |  1  2  3  4 |
---------------+-------------+-----
Ice Magic      | 4 5 |  5.2
Charms         | 1 |  1.3
Dodging        | 3 |  3.3
Stealth        | |  2.1
Spellcasting   | |  2.0
Conjurations   | |  0.7

Action                   |  1- 3 |  4- 6 || total
-------------------------+-------+-------++-------
Melee: Short sword       |    80 |    57 ||   137
       Unarmed           |     7 |       ||     7
 Cast: Freeze            |    17 |     7 ||    24
  Use: Scroll            |     2 |       ||     2
       Potion            |       |     1 ||     1
 Stab: Sleeping          |     8 |     6 ||    14
  Eat: Chunk             |     2 |     4 ||     6
Armor: Robe              |    14 |    11 ||    25
Dodge: Dodged            |    75 |    43 ||   118
